 Dungeon Crawl Stone Soup version 0.23.1 (webtiles) character file.

Game seed: 0

693725 dvd the Axe Maniac (level 27, -3/265 (266) HPs)
             Began as a Minotaur Fighter on Mar 4, 2019.
             Was the Champion of Makhleb.
             Killed from afar by a hellion (36 damage)
             ... with damnation
             ... in Pandemonium on Mar 7, 2019.
             The game lasted 04:15:04 (66286 turns).

dvd the Axe Maniac (Minotaur Fighter)              Turns: 66286, Time: 04:15:05

HP:   -3/265 (266)  AC: 48    Str: 25    XL:     27
MP:   0/32          EV: 15    Int:  7    God:    Makhleb [******]
Gold: 6696          SH: 23    Dex: 21    Spells: 23/39 levels left

rFire    + + +     SeeInvis +   a - +9 broad axe (protect)
rCold    + + +     Gourm    .   N - +5 shield {reflect}
rNeg     + . .     Faith    .   x - +9 scales of the Dragon King {rPois rF+ rC+ MR+}
rPois    +         Spirit   +   B - +2 hat {SInv}
rElec    +         Reflect  +   K - +0 cloak of the Sun {rPois rCorr Slay+5 Stlth-}
rCorr    +         Harm     .   h - +2 pair of gloves {Dex+3}
MR       +++++     Clarity  +   k - +2 pair of boots {run}
Stlth    ..........             H - amulet of Lesser Demons {Spirit rF+ rC+}
HPRegen  0.54/turn              g - ring "Feihis" {*Corrode +Inv rElec rC+ rN+}
MPRegen  0.23/turn              W - ring of the Mage {Wiz MR++ Int+3}

@: about to teleport, protection aura, very slightly contaminated, hasted,
lightly drained, very quick
A: retaliatory headbutt, horns 2, repulsion field 1, clarity, dopey 1, fire
resistance 1, screaming 1[+1]
}: 5/15 runes: decaying, serpentine, slimy, silver, abyssal
a: Minor Destruction, Lesser Servant of Makhleb, Major Destruction, Greater
Servant of Makhleb, Renounce Religion, Evoke Invisibility


You were in Pandemonium.
You worshipped Makhleb.
Makhleb was exalted by your worship.
You were not hungry.

You visited 12 branches of the dungeon, and saw 54 of its levels.
You visited Pandemonium 1 time, and saw 5 of its levels.
You visited the Abyss 3 times.
You also visited: Ossuary, Bailey and Ice Cave.

You collected 9342 gold pieces.
You spent 2646 gold pieces at shops.

Inventory:

Hand Weapons
 a - a +9 broad axe of protection (weapon)
 e - a +3 broad axe of electrocution
Missiles
 O - 13 poisoned tomahawks (quivered)
 T - 14 javelins of returning
 U - 8 javelins of penetration
 V - 7 poisoned javelins
 X - 8 silver tomahawks
 Y - 38 tomahawks
Armour
 h - a +2 pair of gloves of dexterity (worn)
 k - a +2 pair of boots of running (worn)
 x - the +9 scales of the Dragon King (worn) {rPois rF+ rC+ MR+}
   (You found it on level 3 of the Crypt)

   It protects you from fire.
   It protects you from cold.
   It protects you from poison.
   It affects your resistance to hostile enchantments.
 B - a +2 hat of see invisible (worn)
 K - the +0 cloak of the Sun (worn) {rPois rCorr Slay+5 Stlth-}
   (Okawaru gifted it to you on level 3 of the Abyss)

   It affects your accuracy and damage with ranged weapons and melee attacks
   (+5).
   It protects you from poison.
   It provides partial protection from all sources of acid and corrosion.
   It makes you less stealthy.
 N - a +5 shield of reflection (worn)
 Q - a scarf of cloud immunity
Jewellery
 g - the ring "Feihis" (left hand) {*Corrode +Inv rElec rC+ rN+}
   (You found it on level 3 of the Crypt)

   [ring of positive energy]

   It protects you from cold.
   It insulates you from electricity.
   It protects you from negative energy.
   It lets you turn invisible.
   It may corrode you when you take damage.
 q - the ring "Xucsuok" {rPois Str+3 Int+3 Dex+4 Slay+2}
   (You took it off a deep elf annihilator on level 3 of the Elven Halls)

   [ring of intelligence]

   It affects your strength (+3).
   It affects your intelligence (+3).
   It affects your dexterity (+4).
   It affects your accuracy and damage with ranged weapons and melee attacks
   (+2).
   It protects you from poison.
 H - the amulet of Lesser Demons (around neck) {Spirit rF+ rC+}
   (You bought it in a shop on level 3 of the Snake Pit)

   [amulet of guardian spirit]

   It causes incoming damage to be split between your health and magic.
   It protects you from fire.
   It protects you from cold.
 W - the ring of the Mage (right hand) {Wiz MR++ Int+3}
   (You found it on level 5 of the Vaults)

   [ring of wizardry]

   It improves your spell success rate.
   It affects your intelligence (+3).
   It affects your resistance to hostile enchantments.
Wands
 o - a wand of digging (32)
 u - a wand of clouds (19)
 v - a wand of iceblast (50)
 y - a wand of acid (54)
 G - a wand of disintegration (49)
 M - a wand of flame (163)
Scrolls
 c - 2 scrolls of fear
 i - 36 scrolls of identify
 l - a scroll of holy word
 m - a scroll of summoning
 n - 26 scrolls of teleportation
 r - 27 scrolls of remove curse
 L - 9 scrolls of blinking
 S - 10 scrolls of magic mapping
 Z - 5 scrolls of fog
Potions
 b - 2 potions of cancellation
 d - 4 potions of might
 j - 7 potions of magic
 p - 2 potions of resistance
 s - 3 potions of ambrosia
 t - a potion of mutation
 w - 18 potions of curing
 C - 8 potions of flight
 D - 17 potions of heal wounds
 F - 3 potions of haste
 I - 9 potions of agility
Comestibles
 f - 82 rations


   Skills:
 + Level 25.5(24.6) Fighting
 O Level 27(26.1) Axes
   Level 6.2(18.6) Maces & Flails
 + Level 16.5(15.8) Throwing
 * Level 18.0(17.3) Armour
 + Level 13.0(12.3) Dodging
 + Level 5.4(4.9) Stealth
 + Level 24.5(23.6) Shields
 + Level 6.9(6.4) Spellcasting
 + Level 6.2(5.6) Charms
 * Level 7.7(7.1) Summonings
 + Level 7.1(6.5) Necromancy
 + Level 6.1(5.5) Translocations
 + Level 6.3(5.8) Invocations
 + Level 3.7(3.1) Evocations


You had 23 spell levels left.
You knew the following spells:

 Your Spells              Type           Power        Failure   Level  Hunger
a - Regeneration          Chrm/Necr      ##........   43%         3    ###....
b - Apportation           Tloc           ##....       21%         1    #......
c - Dispel Undead         Necr           ##......     97%         5    ######.
d - Call Canine Familiar  Summ           ##......     30%         3    ###....
e - Animate Dead          Necr           N/A          77%         4    #####..

Your spell library contained the following spells:

 Spells                   Type           Power        Failure   Level  Hunger
 Summon Small Mammal      Summ           ##..         11%         1    #......
 Animate Skeleton         Necr           N/A          14%         1    #......
 Pain                     Necr           ##..         14%         1    #......
 Call Imp                 Summ           ##......     16%         2    ##.....
 Corpse Rot               Necr           N/A          21%         2    ##.....
 Sublimation of Blood     Necr           ##........   21%         2    ##.....
 Shroud of Golubria       Chrm/Tloc      ##........   28%         2    ##.....
 Vampiric Draining        Necr           ##........   38%         3    ###....
 Gell's Gravitas          Tloc           ##........   50%         3    ###....
 Lesser Beckoning         Tloc           ##........   50%         3    ###....
 Swiftness                Chrm/Air       #.......     65%         2    ##.....
 Summon Guardian Golem    Hex/Summ       #.......     77%         3    ###....
 Confusing Touch          Hex            #.....       86%         1    #......
 Corona                   Hex            #......      86%         1    #......
 Flame Tongue             Conj/Fire      #....        86%         1    #......
 Magic Dart               Conj           #...         86%         1    #......
 Sting                    Conj/Pois      #...         86%         1    #......
 Passage of Golubria      Tloc           N/A          86%         4    #####..
 Ensorcelled Hibernation  Hex/Ice        #.....       95%         2    ##.....
 Passwall                 Tmut/Erth      #.......     95%         2    ##.....
 Searing Ray              Conj           #.....       95%         2    ##.....
 Throw Flame              Conj/Fire      #.....       95%         2    ##.....
 Agony                    Necr           ##......     97%         5    ######.
 Summon Ice Beast         Ice/Summ       #.......     98%         4    #####..
 Summon Lightning Spire   Summ/Air       #.......     98%         4    #####..
 Excruciating Wounds      Chrm/Necr      ##........   98%         5    ######.
 Confuse                  Hex            #.......     99%         3    ###....
 Conjure Flame            Conj/Fire      #.......     99%         3    ###....
 Dazzling Spray           Conj/Hex       #.....       99%         3    ###....
 Ignite Poison            Fire/Tmut/Pois #.......     99%         3    ###....
 Inner Flame              Hex/Fire       #.......     99%         3    ###....
 Mephitic Cloud           Conj/Pois/Air  #.......     99%         3    ###....
 Static Discharge         Conj/Air       #.......     99%         3    ###....
 Tukima's Dance           Hex            #.......     99%         3    ###....
 Force Lance              Conj/Tloc      #.......     99%         4    #####..
 Cause Fear               Hex            #.........   100%        4    #####..
 Fulminant Prism          Conj/Hex       #.........   100%        4    #####..
 Ice Form                 Ice/Tmut       #.......     100%        4    #####..
 Iskenderun's Mystic Bla  Conj           #.......     100%        4    #####..
 Leda's Liquefaction      Hex/Erth       #.........   100%        4    #####..
 Olgreb's Toxic Radiance  Pois           #.......     100%        4    #####..
 Petrify                  Tmut/Erth      #.......     100%        4    #####..
 Sticky Flame             Conj/Fire      #.......     100%        4    #####..
 Bolt of Draining         Conj/Necr      #.........   100%        5    ######.
 Bolt of Magma            Conj/Fire/Erth #.........   100%        5    ######.
 Borgnjor's Vile Clutch   Necr/Erth      #.........   100%        5    ######.
 Fireball                 Conj/Fire      #.........   100%        5    ######.
 Iskenderun's Battlesphe  Conj/Chrm      #.......     100%        5    ######.
 Lee's Rapid Deconstruct  Erth           #.........   100%        5    ######.
 Lightning Bolt           Conj/Air       #.........   100%        5    ######.
 Metabolic Englaciation   Hex/Ice        #.........   100%        5    ######.
 Silence                  Hex/Air        #.........   100%        5    ######.
 Yara's Violent Unravell  Hex/Tmut       #.........   100%        5    ######.
 Bolt of Cold             Conj/Ice       #.........   100%        6    #######
 Bolt of Fire             Conj/Fire      #.........   100%        6    #######
 Darkness                 Hex            #.........   100%        6    #######
 Deflect Missiles         Chrm/Air       #.........   100%        6    #######
 Freezing Cloud           Conj/Ice/Air   #.........   100%        6    #######
 Invisibility             Hex            #.......     100%        6    #######
 Iron Shot                Conj/Erth      #.........   100%        6    #######
 Ozocubu's Refrigeration  Ice            #.........   100%        6    #######
 Simulacrum               Ice/Necr       #.........   100%        6    #######
 Statue Form              Tmut/Erth      #........    100%        6    #######
 Dragon Form              Tmut           #.........   100%        7    #######
 Haunt                    Necr/Summ      ##........   100%        7    #######
 Malign Gateway           Summ/Tloc      ##........   100%        7    #######
 Monstrous Menagerie      Summ           ##........   100%        7    #######
 Summon Greater Demon     Summ           ##........   100%        7    #######
 Controlled Blink         Tloc           N/A          100%        8    #######
 Discord                  Hex            #.........   100%        8    #######
 Ignition                 Fire           #.........   100%        8    #######
 Summon Horrible Things   Summ           ##........   100%        8    #######
 Dragon's Call            Summ           ##........   100%        9    #######
 Shatter                  Erth           #.........   100%        9    #######
 Tornado                  Air            #.........   100%        9    #######


Dungeon Overview and Level Annotations

Branches:
Dungeon (15/15)            Temple (1/1) D:6            Lair (6/6) D:9
  Swamp (4/4) Lair:4        Snake (4/4) Lair:4        Slime (5/5) Lair:6
    Orc (2/2) D:9             Elf (3/3) Orc:2        Vaults (5/5) D:14
  Crypt (3/3) Vaults:3       Tomb (0/3) Crypt:3      Depths (5/5) D:15
   Hell (1/1)                 Dis (0/7) Hell            Geh (0/7) Hell
    Coc (0/7) Hell            Tar (0/7) Hell            Zot (0/5) Depths:5

Altars:
Ashenzari
Cheibriados
Dithmenos
Elyvilon
Fedhas
Gozag
Hepliaklqana
Kikubaaqudgha
Makhleb
Nemelex Xobeh
Okawaru
Qazlal
Ru
Sif Muna
Trog
Uskayaw
Vehumet
Wu Jian
Xom
Yredelemnul
Zin
The Shining One
Jiyva
Lugonu

Shops:
D:4 *   D:9 *   D:13 =   Orc:2 (:[=?*(   Elf:2 [   Snake:1 [[   Snake:2 :
Snake:3 }=}[   Vaults:1 ?%(   Vaults:3 :   Vaults:5 %?%

Portals:
Hell: Depths:1 Depths:2 Depths:3 Depths:4 Depths:5
Abyss: Depths:1 Depths:3 Depths:4
Pandemonium: Depths:1 Depths:2 Depths:3
Ziggurat: Depths:4

Annotations:
Orc:2 2 runed translucent doors, exclusion: orange crystal statue
Pan 1 transporter


Innate Abilities, Weirdness & Mutations

You reflexively headbutt those who attack you in melee.
You have a pair of horns on your head.
You are surrounded by a mild repulsion field. (EV +2)
You possess an exceptional clarity of mind.
You are dopey. (Int -2)
Your flesh is heat resistant. (rF+)
[You sometimes yell uncontrollably at your foes.]


Message History

The ironbrand convoker convulses!
The vault sentinel convulses!
Your body is wracked with pain!
* * * LOW HITPOINT WARNING * * *
The azure jelly convulses!
The acid blob convulses!
The azure jelly convulses!
Unknown command.
Blink to where?
Press: ? - help, Dir - move target cursor You are very lightly contaminated with residual magic.
As you read the scroll of blinking, it crumbles to dust.
The Executioner gestures.
The Executioner seems to speed up.
The ironbrand convoker gestures at the azure jelly while chanting.
The azure jelly seems to grow stronger.
The cacodemon gestures next to the monstrous warmonger.
Some weird stuff shatters into small pieces.
As you read the scroll of teleportation, it crumbles to dust.
You feel strangely unstable. The hellion gestures at you.
The sphere of damnation explodes!
The damnation engulfs you!!!
You die...

........# #..3.##...p...# #......
........# #..121.6§J2J1.# #..####
........# #.1#6..9..X6Jp# #..#...
........# #.##.##.1##.#.# #..#...
........# #.##.##.##2##.# #..#...
.....?..# ####.##.#2##### #..#...
........# ####.##..###### #..#...
.^......#####.........#####..#...
............#...@.....#......'...
............#.........#......#...
............#.........#......####
............#....©....#..........
............###########..........
.................©...............
...............∩......[.)....##'#
............^................#...
.............................#...


You could see 2 Tzitzimimeh, an acid blob, 2 Brimstone Fiends, 2 cacodemons, a
monstrous warmonger, a hell beast, 2 azure jellies, an infernal corrupter, a
gelid black sun, an Executioner, a war gargoyle, a large abomination, an
ironbrand convoker and a hellion.

Vanquished Creatures
  the Royal Jelly (Slime:5)
  Sojobo (Vaults:4)
  A pandemonium lord (Pan)
  the Lernaean hydra (Swamp:4)
  Vashnia (Snake:3)
  Saint Roka (Depths:2)
  Geryon (Hell)
  Jory (Crypt:3)
  Nikola (Elf:2)
  3 golden dragons
  2 Brimstone Fiends (Pan)
  2 bone dragons
  3 liches
  An Ice Fiend (Pan)
  Jorgrun (D:14)
  6 tentacled monstrosities
  9 deep elf blademasters
  2 quicksilver dragons (Depths:2)
  12 titans
  14 acid blobs
  3 ancient champions
  2 Executioners
  7 deep elf master archers
  5 sphinxes
  Frances (Swamp:2)
  10 tentacled starspawn
  5 shadow dragons
  Gastronok (Lair:1)
  3 thorn hunters
  16 tengu reavers
  2 storm dragons
  2 revenants
  20 fire giants
  10 azure jellies
  9 nagarajas
  A daeva (Abyss:5)
  A draconian knight (Depths:5)
  2 balrugs
  16 vault wardens
  12 deep elf sorcerers
  2 cacodemons
  An iron dragon (Depths:4)
  Aizul (Snake:4)
  21 frost giants
  Louise (Snake:3)
  The ghost of Porpuntine the Eclecticist, an adept DECj of Cheibriados (Snake:2)
  A draconian shifter (Depths:5)
  A curse skull (Crypt:1)
  6 war gargoyles
  An angel (Abyss:5)
  4 reapers
  17 ironheart preservers
  6 deep elf elementalists
  A juggernaut zombie (Hell)
  8 ghouls
  An entropy weaver (shapeshifter) (Vaults:5)
  The ghost of Thalamas the Severer, a journeyman MiBe of Trog (Lair:5)
  2 spriggan defenders (Depths:5)
  26 very ugly things
  4 entropy weavers (Lair:4)
  30 stone giants
  14 vampire knights
  4 green draconians
  A lorocyproca (Hell)
  7 deep elf demonologists
  A white draconian (Slime:3)
  10 deep elf annihilators
  The ghost of Yolobob the Fighter, a journeyman MiBe of Trog (Orc:2)
  5 spark wasps
  A black draconian (Crypt:2)
  A purple draconian (Depths:5)
  A yellow draconian (Depths:5)
  2 green deaths
  Snorg (D:12)
  7 blizzard demons
  2 crystal guardians
  7 eidola
  A merfolk javelineer (Depths:3)
  16 ettins
  4 death oozes (Slime:5)
  13 deep elf death magi
  10 fire dragons
  A kraken zombie (Hell)
  21 great orbs of eyes
  3 merfolk impalers
  10 deep elf high priests
  10 jiangshi
  23 yaktaur captains
  16 naga warriors
  Fannar (D:11)
  9 rakshasas
  22 hydras
  36 vault guards
  15 ice dragons
  A hell beast (Pan)
  13 ogre magi
  14 centaur warriors
  35 two-headed ogres
  2 spriggan air magi (Depths:4)
  A satyr (Abyss:3)
  5 ghost crabs
  4 death knights
  3 shambling mangroves
  22 anacondas
  33 dancing weapons
  An alligator (shapeshifter) (Depths:5)
  13 deep troll earth magi
  15 alligators
  7 thrashing horrors
  15 death yaks
  2 hell hogs (Hell)
  10 deep troll shamans
  8 tengu warriors
  An orc high priest (Elf:2)
  8 vampire magi
  A titan zombie (Crypt:3)
  16 naga sharpshooters
  11 soul eaters
  A shock serpent (shapeshifter) (Depths:4)
  27 deep elf knights
  2 spriggan berserkers (Depths:5)
  5 shock serpents
  9 sun demons
  2 storm dragon zombies
  6 spatial maelstroms
  4 shadow wraiths
  19 skeletal warriors
  An iron troll (Depths:3)
  5 fire crabs (Lair:4)
  7 wretched stars
  3 sixfirhies
  3 salamander mystics
  A sea snake (shapeshifter) (Vaults:5)
  An infernal demonspawn (Pan)
  8 unseen horrors
  A ghost moth zombie (Hell)
  A swamp dragon (shapeshifter) (Vaults:1)
  A spark wasp zombie (Hell)
  8 golden dragon zombies
  An entropy weaver zombie (Crypt:3)
  A torturous demonspawn (Depths:3)
  A spriggan druid (Swamp:3)
  An obsidian statue (Vaults:4)
  30 deep trolls
  12 swamp dragons
  4 anaconda zombies
  4 gelid demonspawn
  An anaconda skeleton (Hell)
  10 naga ritualists
  A tengu zombie (Depths:3)
  5 flayed ghosts
  23 deep elf archers
  15 necromancers
  5 glowing orange brains
  A golden dragon skeleton (Depths:1)
  A lindwurm (shapeshifter) (Depths:5)
  A shadow dragon zombie (Vaults:5)
  8 wizards
  14 phantasmal warriors
  5 mana vipers
  17 ironbrand convokers
  A mana viper (shapeshifter) (Vaults:5)
  18 orc knights
  2 iron dragon zombies (Crypt:2)
  5 cyclopes
  A shadow dragon skeleton (Vaults:3)
  A wolf spider zombie (D:15)
  48 ugly things
  A cyclops (shapeshifter) (Depths:5)
  18 salamanders
  2 sphinx zombies (Crypt:2)
  2 fire giant zombies
  10 shining eyes
  An orb spider (shapeshifter) (Elf:3)
  3 orc sorcerers
  A frost giant zombie (Vaults:3)
  2 stone giant zombies (Hell)
  2 wolf spiders
  80 deep elf magi
  5 worldbinders
  A manticore (D:15)
  2 manticores (shapeshifter)
  An iron dragon skeleton (Crypt:2)
  13 guardian serpents
  43 black mambas
  A moth of wrath (Orc:2)
  A dire elephant zombie (Hell)
  Maurice (Orc:2)
  3 frost giant skeletons
  2 water nymphs (Abyss:3)
  5 eyes of devastation (Slime:5)
  13 elephants
  3 apocalypse crabs
  16 vault sentinels
  A shock serpent zombie (Crypt:3)
  Psyche (D:12)
  A fire giant skeleton (Crypt:2)
  2 ice statues (Hell)
  29 naga magi
  3 stone giant skeletons
  An elephant slug zombie (Crypt:3)
  A water nymph (shapeshifter) (Depths:5)
  A toenail golem (Abyss:5)
  13 smoke demons
  A spriggan skeleton (Depths:3)
  20 spiny frogs
  A torpor snail (Lair:6)
  A gargoyle (D:12)
  12 hellions
  5 orange demons
  2 shock serpent skeletons (Crypt:2)
  2 rime drakes (shapeshifter)
  An emperor scorpion zombie (Crypt:1)
  A sea snake zombie (Crypt:2)
  A yaktaur zombie (Vaults:3)
  6 rime drakes
  13 freezing wraiths
  57 yaktaurs
  A death yak skeleton (Crypt:2)
  5 red devils
  An anaconda simulacrum (Crypt:2)
  2 komodo dragons (shapeshifter)
  8 spriggan zombies
  2 tengu conjurers
  2 efreet
  2 hellwings
  A black draconian skeleton (Crypt:1)
  A hydra zombie (Crypt:3)
  4 yaktaurs (shapeshifter)
  13 ancient zymes
  8 komodo dragons
  11 trolls
  21 polar bears (IceCv)
  81 slime creatures
  14 hornets
  13 tyrant leeches
  2 raiju (shapeshifter)
  4 bog bodies
  42 blink frogs
  A guardian serpent zombie (Crypt:2)
  An ettin zombie (Hell)
  A hippogriff (shapeshifter) (Abyss:2)
  3 hydra skeletons
  2 ice dragon zombies (Hell)
  A meliai zombie (Crypt:3)
  A moth of wrath zombie (Crypt:1)
  19 raiju
  A fire dragon zombie (Crypt:2)
  An iron dragon simulacrum (Crypt:2)
  A fire giant simulacrum (Crypt:2)
  11 hippogriffs
  A deep troll zombie (Depths:1)
  2 ettin skeletons
  2 human simulacra
  15 flying skulls
  23 yaks
  7 ynoxinuls
  7 spriggans
  An air elemental (Elf:1)
  23 vampires
  21 water elementals
  7 shadows
  10 wraiths
  A basilisk (shapeshifter) (Elf:1)
  7 golden eyes
  2 hogs (shapeshifter) (Vaults:3)
  6 wyverns
  6 humans (D:14)
  2 hungry ghosts
  Grum (D:11)
  3 basilisks
  8 chaos spawn
  10 fire elementals
  A yaktaur simulacrum (Vaults:1)
  A catoblepas simulacrum (Crypt:2)
  10 neqoxecs
  Menkaure (D:6)
  A spatial vortex (Abyss:2)
  20 wargs
  5 insubstantial wisps
  18 vampire mosquitoes
  19 swamp worms
  18 large abominations
  56 nagas
  2 acid dragons (Vaults:1)
  A soldier ant (D:12)
  A spiny frog zombie (Crypt:2)
  A floating eye (shapeshifter) (Vaults:5)
  11 water moccasins
  4 hydra simulacra (Hell)
  5 hell hounds
  7 porcupines
  57 orc warriors
  A swamp drake (shapeshifter) (Vaults:5)
  11 swamp drakes
  6 eyes of draining
  An eye of draining (shapeshifter) (Depths:2)
  A spiny frog skeleton (Hell)
  An ettin simulacrum (Hell)
  42 ogres
  5 sky beasts
  4 ice beasts
  8 necrophages
  2 swamp dragon zombies
  10 boggarts
  2 phantoms
  A lindwurm zombie (Crypt:3)
  22 wolves
  22 centaurs
  2 snapping turtle skeletons
  10 crocodiles
  A manticore skeleton (Crypt:2)
  A human skeleton (Vaults:5)
  2 komodo dragon zombies
  19 small abominations
  2 elf zombies
  A draconian zombie (Crypt:3)
  3 big kobolds
  4 earth elementals
  An octopode zombie (Crypt:2)
  25 bullfrogs
  3 scorpions
  A water moccasin skeleton (D:6)
  4 killer bees
  A swamp dragon simulacrum (Crypt:2)
  8 wights
  10 electric eels
  8 howler monkeys
  12 crimson imps
  A quasit (Abyss:2)
  47 starcursed masses
  7 hounds
  10 centaur zombies
  4 bullfrog skeletons
  2 human zombies
  4 bullfrog zombies
  A gnoll shaman (D:7)
  24 orc priests
  A basilisk zombie (Crypt:3)
  7 jellies
  20 orc wizards
  3 iron imps
  3 iguanas
  7 hell rats (Hell)
  10 worker ants
  3 polar bear simulacra (Lair:6)
  2 yak simulacra (Lair:6)
  6 lightning spires (Abyss:5)
  2 wolf simulacra (Lair:6)
  A sky beast zombie (Crypt:2)
  A hound skeleton (D:8)
  2 mummies (Ossuary)
  A worker ant zombie (D:6)
  Robin (D:3)
  3 gnolls (D:7)
  14 adders
  8 shadow imps
  20 white imps
  3 ufetubi
  An ooze (D:3)
  2 adder skeletons
  5 worms
  A dart slug (D:3)
  5 leopard geckos
  146 orcs
  3 giant cockroaches
  19 goblins
  11 hobgoblins
  18 jackals
  14 kobolds
  7 quokkas
  6 ball pythons
  A ball python zombie (Crypt:1)
  7 bats
  5 frilled lizards
  A frilled lizard skeleton (Crypt:3)
  A giant cockroach zombie (Crypt:2)
  A goblin skeleton (Crypt:3)
  8 hobgoblin zombies (Ossuary)
  A jackal zombie (Ossuary)
  8 kobold zombies (Ossuary)
  10 orc zombies (Ossuary)
  A quokka skeleton (D:4)
  A quokka zombie (D:7)
  7 rats
  3 rat zombies (Ossuary)
  4 river rat simulacra (Lair:6)
  A river rat skeleton (Crypt:1)
  8 briar patches
  2 crawling corpses
  A fire vortex (Depths:3)
  8 fungi
  3 plants (Lair:6)
  11 starspawn tentacles
  9 withered plants (Crypt:3)
3105 creatures vanquished.

Vanquished Creatures (collateral kills)
  A vampire knight (Crypt:3)
1 creature vanquished.

Vanquished Creatures (others)
  Asterion (Elf:2)
  A frost giant (Depths:4)
  A hydra (Swamp:4)
  An anaconda (Snake:2)
  A deep elf archer (Depths:3)
  A smoke demon (Abyss:2)
  4 yaktaurs
  A tengu conjurer (Depths:5)
  A polar bear (IceCv)
  A tyrant leech (Swamp:4)
  A small abomination (Abyss:3)
  A chaos spawn (Pan)
  A spatial vortex (Abyss:5)
  2 orc warriors (Bailey)
  7 centaurs
  A white imp (Abyss:3)
  3 orcs
  6 fungi
  44 plants
  13 starspawn tentacles
  4 tentacles (Hell)
  7 withered plants (Crypt:3)
103 creatures vanquished.

Grand Total: 3209 creatures vanquished

Notes
Turn   | Place    | Note
-------+----------+-------------------------------------------
     0 | D:1      | dvd the Minotaur Fighter began the quest for the Orb.
     0 | D:1      | Reached XP level 1. HP: 19/19 MP: 0/0
   231 | D:1      | Reached XP level 2. HP: 25/27 MP: 1/1
   824 | D:2      | Found a faded altar of an unknown god.
   835 | D:2      | Reached XP level 3. HP: 19/33 MP: 2/2
   850 | D:2      | Became a worshipper of Warmaster Okawaru
   850 | D:2      | Reached * piety under Okawaru
   891 | D:2      | Reached skill level 3 in Axes
  1030 | D:2      | Reached XP level 4. HP: 32/40 MP: 3/3
  1305 | D:2      | Reached skill level 4 in Axes
  1337 | D:2      | Found a radiant altar of Vehumet.
  1337 | D:2      | Found a sparkling altar of Nemelex Xobeh.
  1895 | D:3      | Noticed Robin
  1902 | D:3      | Killed Robin
  1902 | D:3      | Reached XP level 5. HP: 41/46 MP: 4/4
  2042 | D:3      | Reached skill level 1 in Dodging
  2272 | D:3      | You fall through a shaft!
  2273 | D:4      | Noticed an ogre
  2281 | D:4      | Killed an ogre
  2281 | D:4      | Reached skill level 5 in Axes
  2281 | D:4      | Reached XP level 6. HP: 53/53 MP: 2/5
  2370 | D:3      | Found a glowing golden altar of the Shining One.
  2394 | D:3      | Found an opulent altar of Gozag.
  2952 | D:4      | Reached skill level 5 in Armour
  2971 | D:4      | Reached ** piety under Okawaru
  2971 | D:4      | Reached skill level 5 in Shields
  3511 | D:4      | Found Xypneucw's Serpentskin Sales.
  3511 | D:4      | Noticed a water moccasin
  3517 | D:4      | Killed a water moccasin
  3517 | D:4      | Reached skill level 6 in Axes
  3517 | D:4      | Reached XP level 7. HP: 45/60 MP: 6/6
  3830 | D:5      | Entered Level 5 of the Dungeon
  3887 | D:5      | Reached skill level 5 in Fighting
  3909 | D:5      | Found a snail-covered altar of Cheibriados.
  4672 | D:6      | Reached skill level 7 in Axes
  4780 | D:6      | Reached XP level 8. HP: 45/66 MP: 7/7
  4807 | D:6      | Reached *** piety under Okawaru
  4821 | D:6      | Noticed Menkaure
  4835 | D:6      | Killed Menkaure
  4853 | D:6      | Reached skill level 8 in Axes
  5105 | D:6      | Found a staircase to the Ecumenical Temple.
  5217 | D:6      | Found a sand-covered staircase.
  5222 | Ossuary  | Entered an ossuary
  5344 | Ossuary  | Reached skill level 9 in Axes
  5446 | D:6      | Noticed a +0 dagger
  5447 | D:6      | Noticed a +0 hand axe
  5448 | D:6      | Found a hide-covered altar of Uskayaw.
  6231 | D:7      | Reached XP level 9. HP: 78/78 MP: 8/8
  6320 | D:7      | Reached skill level 10 in Axes
  6343 | D:7      | Found a blossoming altar of Fedhas.
  6363 | D:7      | Reached skill level 1 in Throwing
  6412 | D:7      | Found a shadowy altar of Dithmenos.
  6490 | D:7      | Reached **** piety under Okawaru
  7296 | D:9      | Noticed a two-headed ogre
  7320 | D:9      | Found a hide-covered altar of Uskayaw.
  7332 | D:9      | Reached skill level 11 in Axes
  7359 | D:9      | Killed a two-headed ogre
  7359 | D:9      | Reached XP level 10. HP: 51/88 MP: 6/9
  7387 | D:9      | Found a staircase to the Lair.
  7404 | D:9      | Reached ***** piety under Okawaru
  7482 | D:9      | Received a gift from Okawaru
  7612 | D:9      | Found Dibegeiz's Assorted Antiques.
  7916 | D:9      | Found a staircase to the Orcish Mines.
  7937 | D:9      | Reached skill level 1 in Invocations
  8012 | D:9      | Reached skill level 12 in Axes
  8066 | D:10     | Entered Level 10 of the Dungeon
  8131 | D:10     | Received a gift from Okawaru
  8325 | D:10     | Found a flagged portal.
  8344 | Bailey   | Entered a bailey
  8467 | Bailey   | Reached skill level 5 in Throwing
  8889 | Bailey   | Noticed an orc knight
  8901 | Bailey   | Killed an orc knight
  8901 | Bailey   | Reached XP level 11. HP: 64/95 MP: 8/10
  8904 | Bailey   | Reached skill level 1 in Evocations
  8917 | Bailey   | Got a translucent buckler
  8928 | Bailey   | Identified the cursed +0 buckler of Ximo {rElec Dex+3 SInv}
                  | (You found it in a bailey)
  9409 | D:10     | Received a gift from Okawaru
  9455 | D:10     | Identified the +0 leather armour of Context {Str+2 Dex+2}
  9680 | D:11     | Noticed an unseen horror
  9710 | D:11     | Killed an unseen horror
  9749 | D:11     | Received a gift from Okawaru
  9749 | D:11     | Reached skill level 13 in Axes
  9881 | D:11     | Found a frozen archway.
  9899 | IceCv    | Entered an ice cave
 10219 | IceCv    | Got a smoking graven amulet
 10220 | IceCv    | Identified the amulet "Bien" {Reflect *Corrode rC+ rN+++
                  | Dex+3 SH+2} (You found it in an ice cave)
 10428 | IceCv    | Received a gift from Okawaru
 10431 | IceCv    | Got a crystal battleaxe {god gift}
 10432 | IceCv    | Identified the +5 battleaxe of Wondrous Power {venom, Dex+3
                  | Stlth+} (Okawaru gifted it to you in an ice cave)
 10445 | IceCv    | Reached skill level 10 in Shields
 10464 | IceCv    | Noticed a death yak
 10473 | IceCv    | Killed a death yak
 10507 | IceCv    | Reached skill level 14 in Axes
 10511 | IceCv    | Reached skill level 10 in Fighting
 10674 | IceCv    | Noticed a frost giant
 10691 | IceCv    | Killed a frost giant
 10691 | IceCv    | Received a gift from Okawaru
 10691 | IceCv    | Reached XP level 12. HP: 64/106 MP: 10/12
 10699 | IceCv    | Reached skill level 15 in Axes
 10738 | IceCv    | Gained mutation: You are robust. (+10% HP) [potion of
                  | mutation]
 10738 | IceCv    | Gained mutation: Your flesh is heat resistant. (rF+)
                  | [potion of mutation]
 10739 | IceCv    | Reached skill level 5 in Dodging
 10739 | IceCv    | Reached XP level 13. HP: 72/126 MP: 12/14
 11015 | D:11     | Received a gift from Okawaru
 11281 | D:11     | Noticed Grum
 11294 | D:11     | Killed Grum
 11336 | D:11     | Noticed Fannar
 11349 | D:11     | Killed Fannar
 11349 | D:11     | Reached ****** piety under Okawaru
 11562 | Lair:1   | Entered Level 1 of the Lair of Beasts
 11717 | Lair:1   | Reached skill level 16 in Axes
 12089 | Lair:1   | Reached skill level 10 in Armour
 12235 | Lair:1   | Noticed Gastronok
 12246 | Lair:1   | Killed Gastronok
 13139 | Lair:2   | Reached skill level 1 in Maces & Flails
 13561 | Lair:3   | Reached XP level 14. HP: 136/136 MP: 15/15
 14025 | Lair:4   | Found a staircase to the Swamp.
 14081 | Lair:4   | Got a heavily runed steel ring
 14083 | Lair:4   | Identified the ring of Xom's Delight {rN+ MR+ MP+9} (You
                  | found it on level 4 of the Lair of Beasts)
 14126 | Lair:4   | Found a staircase to the Snake Pit.
 14346 | Lair:4   | Found a runed translucent door.
 14600 | Lair:4   | Noticed an entropy weaver
 14613 | Lair:4   | Killed an entropy weaver
 14618 | Lair:4   | Received a gift from Okawaru
 14618 | Lair:4   | Reached skill level 17 in Axes
 14749 | Lair:4   | Noticed an entropy weaver
 14755 | Lair:4   | Killed an entropy weaver
 14859 | Lair:4   | Noticed an entropy weaver
 14868 | Lair:4   | Killed an entropy weaver
 14904 | Lair:4   | Noticed an entropy weaver
 14914 | Lair:4   | Killed an entropy weaver
 15219 | Lair:4   | Found the +7 captain's cutlass {speed, disarm}
 15932 | Lair:5   | Found a runed translucent door.
 15933 | Lair:5   | Noticed Thalamas's ghost (journeyman MiBe)
 16414 | Lair:5   | Killed Thalamas's ghost
 16591 | Lair:6   | Entered Level 6 of the Lair of Beasts
 16613 | Lair:6   | Received a gift from Okawaru
 16625 | Lair:6   | Reached skill level 18 in Axes
 16641 | Lair:6   | Received a gift from Okawaru
 16668 | Lair:6   | Reached XP level 15. HP: 29/147 MP: 16/16
 17064 | Lair:6   | Received a gift from Okawaru
 17158 | Lair:6   | Received a gift from Okawaru
 17441 | Lair:6   | Received a gift from Okawaru
 17509 | Lair:6   | Received a gift from Okawaru
 17676 | Lair:6   | Received a gift from Okawaru
 17744 | Lair:6   | Received a gift from Okawaru
 17745 | Lair:6   | Got a heavily runed buckler {god gift}
 17772 | Lair:6   | Identified the +0 buckler "Muukkil" {Int+2} (Okawaru gifted
                  | it to you on level 6 of the Lair of Beasts)
 18420 | Lair:6   | Found a staircase to the Slime Pits.
 18629 | Orc:1    | Entered Level 1 of the Orcish Mines
 18841 | Orc:2    | Entered Level 2 of the Orcish Mines
 18841 | Orc:2    | Found Devoesh's Magic Scroll Shoppe.
 18841 | Orc:2    | Found a staircase to the Elven Halls.
 18851 | Orc:2    | Found Wehunkoe's Antique Weapon Shoppe.
 18878 | Orc:2    | Found Saylywotz's Assorted Antiques.
 18883 | Orc:2    | Found a transporter.
 18906 | Orc:2    | Noticed Yolobob's ghost (journeyman MiBe)
 18963 | Orc:2    | Found a transporter.
 18970 | Orc:2    | Found the +5 scythe "Finisher" {speed, eviscerate}
 18995 | Orc:2    | Killed Yolobob's ghost
 19131 | Orc:2    | Reached skill level 19 in Axes
 19588 | Orc:2    | Noticed Maurice
 19598 | Orc:2    | Killed Maurice
 19713 | Orc:2    | Found a runed translucent door.
 19720 | Orc:2    | Found the +10 large shield of Ignorance {rN+ Int-4}
 19819 | Orc:2    | Found a runed translucent door.
 19847 | Orc:2    | Found Ducoiq's Book Shop.
 19847 | Orc:2    | Found Wosmafal's Armour Shoppe.
 19849 | Orc:2    | Found Iguwisk's Jewellery Emporium.
 19851 | Orc:2    | Found Ofoca's Weapon Boutique.
 19866 | Orc:2    | Bought the +7 Kryia's mail coat {PotionHeal*2 rC+} for 780
                  | gold pieces
 19866 | Orc:2    | Found the +7 Kryia's mail coat {PotionHeal*2 rC+}
 20288 | D:12     | Noticed Psyche
 20291 | D:12     | Killed Psyche
 20617 | D:12     | Noticed Snorg
 20628 | D:12     | Killed Snorg
 20941 | D:12     | Received a gift from Okawaru
 20965 | D:12     | Identified a scroll of acquirement
 20969 | D:12     | Got a coiled lead ring
 20971 | D:12     | Identified the ring "Ineequm" {-Tele MR++ MP+9 Int+3} (You
                  | acquired it on level 12 of the Dungeon)
 21186 | D:12     | Reached XP level 16. HP: 151/161 MP: 18/18
 21710 | D:13     | Found Kanoyni's Jewellery Emporium.
 22705 | D:14     | Noticed Jorgrun
 22712 | D:14     | Killed Jorgrun
 22796 | D:14     | Found a gate to the Vaults.
 23175 | D:14     | Received a gift from Okawaru
 23288 | D:15     | Entered Level 15 of the Dungeon
 23433 | D:15     | Reached skill level 15 in Fighting
 23437 | D:15     | Reached skill level 10 in Throwing
 23462 | D:15     | Received a gift from Okawaru
 23543 | D:15     | Identified the cursed +0 robe of Pipuw {rN+ Int-2 SInv}
 23663 | D:15     | Received a gift from Okawaru
 23703 | D:15     | Found a staircase to the Depths.
 24228 | Snake:1  | Entered Level 1 of the Snake Pit
 24558 | Snake:1  | Found Peesot's Antique Armour Emporium.
 24569 | Snake:1  | Found Hemy's Armour Shoppe.
 25409 | Snake:1  | Reached skill level 15 in Shields
 25591 | Snake:2  | Noticed Porpuntine's ghost (adept DECj)
 25595 | Snake:2  | Found a transporter.
 25599 | Snake:2  | Found a transporter.
 25618 | Snake:2  | Reached XP level 17. HP: 111/172 MP: 19/19
 25976 | Snake:2  | Received a gift from Okawaru
 26287 | Snake:2  | Found Lifukh's Book Boutique.
 26471 | Snake:2  | Reached skill level 20 in Axes
 26653 | Snake:2  | Received a gift from Okawaru
 26671 | Snake:2  | Killed Porpuntine's ghost
 26697 | Snake:2  | Got a warped chain mail {god gift}
 26708 | Snake:2  | Identified the +3 chain mail "Abra" {rPois} (Okawaru gifted
                  | it to you on level 2 of the Snake Pit)
 26755 | Snake:3  | Noticed Vashnia
 26871 | Snake:3  | HP: 8/173 [naga sharpshooter/arrow[Vashnia] (18)]
 27412 | Snake:3  | Killed Vashnia
 28140 | Snake:3  | Found Vanorch's Antique Armour Shoppe.
 28457 | Snake:3  | Found Volemagguixt's Gadget Shop.
 28457 | Snake:3  | Found Huadas's Jewellery Shoppe.
 28458 | Snake:3  | Found Miheas's Gadget Shop.
 28466 | Snake:3  | Bought the amulet of Lesser Demons {Spirit rF+ rC+} for 612
                  | gold pieces
 28468 | Snake:3  | Bought the ring of Satun {rN+ Slay+4} for 525 gold pieces
 28661 | Snake:3  | Noticed Louise
 28661 | Snake:3  | Cast into level 2 of the Abyss (Louise)
 28702 | Abyss:2  | Gained mutation: You are dopey. (Int -2) [a neqoxec]
 28717 | Abyss:2  | Noticed a bone dragon
 28742 | Abyss:2  | Killed a bone dragon
 28742 | Abyss:2  | Received a gift from Okawaru
 29051 | Abyss:2  | Received a gift from Okawaru
 29068 | Snake:3  | Escaped the Abyss
 29080 | Snake:3  | Killed Louise
 29427 | Snake:4  | Entered Level 4 of the Snake Pit
 29476 | Snake:4  | Received a gift from Okawaru
 29497 | Snake:4  | Noticed Aizul
 29499 | Snake:4  | Reached XP level 18. HP: 125/184 MP: 19/20
 29512 | Snake:4  | Killed Aizul
 29512 | Snake:4  | Received a gift from Okawaru
 29554 | Snake:3  | Identified a +0 pair of boots of running (Okawaru gifted it
                  | to you on level 4 of the Snake Pit)
 30914 | Snake:4  | Received a gift from Okawaru
 31240 | Snake:4  | Got a serpentine rune of Zot
 31321 | Snake:4  | Reached skill level 21 in Axes
 32201 | Swamp:1  | Entered Level 1 of the Swamp
 32891 | Swamp:1  | Received a gift from Okawaru
 33212 | Swamp:2  | Noticed Frances
 33232 | Swamp:2  | Killed Frances
 33421 | Swamp:2  | Identified the Catalogue of the Pit
 33810 | Swamp:3  | Reached XP level 19. HP: 168/195 MP: 21/21
 34719 | Swamp:4  | Entered Level 4 of the Swamp
 35075 | Swamp:4  | Noticed the 27-headed Lernaean hydra
 35479 | Swamp:4  | Got a decaying rune of Zot
 35565 | Swamp:4  | Killed the 27-headed Lernaean hydra
 36074 | Elf:1    | Entered Level 1 of the Elven Halls
 36082 | Elf:1    | Received a gift from Okawaru
 36228 | Elf:1    | Reached skill level 5 in Maces & Flails
 36913 | Elf:1    | Identified the +10 dagger of Itijy {speed, rF+} (You found
                  | it on level 1 of the Elven Halls)
 37091 | Elf:2    | Found Uhiaph's Antique Armour Shoppe.
 37358 | Elf:2    | Noticed Nikola
 37359 | Elf:2    | Noticed Asterion
 37380 | Elf:2    | Killed Asterion
 37397 | Elf:2    | Killed Nikola
 37397 | Elf:2    | Reached skill level 10 in Dodging
 37440 | Elf:2    | Found a runed translucent gate.
 37441 | Elf:2    | Found a runed translucent gate.
 37466 | Elf:2    | Found a runed translucent gate.
 37786 | Elf:2    | Reached skill level 5 in Invocations
 38093 | Elf:2    | Received a gift from Okawaru
 38168 | Elf:2    | Reached skill level 22 in Axes
 38268 | Elf:2    | Reached XP level 20. HP: 207/207 MP: 22/22
 39344 | D:4      | Bought 6 poisoned tomahawks for 84 gold pieces
 39344 | D:4      | Bought a +2 plate armour of poison resistance for 518 gold
                  | pieces
 39535 | Elf:3    | Entered Level 3 of the Elven Halls
 39903 | Elf:3    | Received a gift from Okawaru
 40255 | Elf:3    | Cast into level 3 of the Abyss (a deep elf sorcerer)
 40463 | Abyss:3  | Received a gift from Okawaru
 40465 | Abyss:3  | Got an ichor-stained cloak {god gift}
 40467 | Elf:3    | Escaped the Abyss
 40470 | Elf:3    | Identified the +0 cloak of the Sun {rPois rCorr Slay+5
                  | Stlth-} (Okawaru gifted it to you on level 3 of the Abyss)
 41342 | Elf:3    | Identified the ring "Xucsuok" {rPois Str+3 Int+3 Dex+4
                  | Slay+2}
 41342 | Elf:3    | Identified the +7 falchion of the Endless Expanse {flame,
                  | *Drain rC+ Int+4}
 41352 | Elf:3    | Identified the ring "Muriawocs" {rPois rF+ Str+6}
 41360 | Elf:3    | Identified the +2 robe of the Eternal Fruit {Int+3}
 41776 | Elf:3    | Identified the +7 long sword of Tenacity {flame, Fragile
                  | MR+ MP+9 Dex+9}
 41813 | Elf:3    | Found the +8 storm bow {elec}
 41821 | Elf:3    | Found the +7 Spriggan's Knife {stab, EV+4 Stlth+}
 41823 | Elf:3    | Identified Sif Muna's Almanac of Igneous Envenoming
 41861 | Elf:3    | Identified the Reference Book on Assistive Poison
 41867 | Elf:3    | Learned a level 3 spell: Regeneration
 42182 | Vaults:1 | Entered Level 1 of the Vaults
 42227 | Vaults:1 | Learned a level 1 spell: Apportation
 42354 | Vaults:1 | Found Giconk's Food Emporium.
 42511 | Vaults:1 | You fall through a shaft!
 42521 | Vaults:2 | Reached skill level 15 in Armour
 42523 | Vaults:2 | Reached XP level 21. HP: 196/220 MP: 24/24
 42553 | Vaults:2 | Received a gift from Okawaru
 43016 | Vaults:2 | Reached skill level 23 in Axes
 43673 | Vaults:1 | Received a gift from Okawaru
 44012 | Vaults:1 | Received a gift from Okawaru
 44016 | Vaults:1 | Got a faintly glowing war axe {god gift}
 44017 | Vaults:1 | Identified the +3 war axe "Zikk" {chop, rPois} (Okawaru
                  | gifted it to you on level 1 of the Vaults)
 44207 | Vaults:1 | Found Riurhes's Magic Scroll Shoppe.
 44349 | Vaults:1 | Found Derhana's Antique Weapon Boutique.
 45256 | Vaults:3 | Found Jacor's Book Emporium.
 45374 | Vaults:3 | Received a gift from Okawaru
 46620 | Vaults:3 | Found a staircase to the Crypt.
 46674 | Vaults:4 | Reached skill level 1 in Spellcasting
 46697 | Vaults:4 | Reached skill level 1 in Charms
 46835 | Vaults:4 | Reached skill level 1 in Necromancy
 46840 | Vaults:4 | Received a gift from Okawaru
 46841 | Vaults:4 | Reached XP level 22. HP: 219/232 MP: 25/25
 46872 | Vaults:4 | Reached skill level 15 in Throwing
 46884 | Vaults:4 | Received a gift from Okawaru
 47152 | Vaults:4 | Noticed Sojobo
 47171 | Vaults:4 | Killed Sojobo
 47708 | Vaults:4 | Received a gift from Okawaru
 48063 | Vaults:4 | Received a gift from Okawaru
 48066 | Vaults:4 | Got a smoking hand axe {god gift}
 48067 | Vaults:4 | Identified the +1 hand axe of the Warrior-Mage {venom,
                  | rElec Str-3 SInv} (Okawaru gifted it to you on level 4 of
                  | the Vaults)
 48726 | Vaults:5 | Entered Level 5 of the Vaults
 48726 | Vaults:5 | Noticed a golden dragon
 48748 | Vaults:5 | Reached skill level 24 in Axes
 48750 | Vaults:5 | Killed a golden dragon
 48759 | Vaults:5 | Received a gift from Okawaru
 48760 | Vaults:5 | Got a crystal demon whip {god gift}
 49068 | Vaults:5 | Reached XP level 23. HP: 163/243 MP: 18/27
 49089 | Vaults:4 | Received a gift from Okawaru
 49462 | Vaults:5 | Paralysed by a sphinx for 5 turns
 49471 | Vaults:4 | Received a gift from Okawaru
 49479 | Vaults:4 | Got a dazzling scale mail {god gift}
 49490 | Vaults:4 | Identified the +0 scale mail of Boiling Hail {rN+ Str+3}
                  | (Okawaru gifted it to you on level 4 of the Vaults)
 49501 | Vaults:4 | Identified the +4 demon whip of Mysticism {venom, -Tele rN+
                  | Int+4 Dex+3} (Okawaru gifted it to you on level 5 of the
                  | Vaults)
 49867 | Vaults:5 | Reached skill level 5 in Necromancy
 50386 | Vaults:5 | Found the ring of the Mage {Wiz MR++ Int+3}
 50391 | Vaults:5 | Identified the Reference Book on Feathery Dislocation
 50409 | Vaults:5 | Identified a +1 pair of boots of running (You found it on
                  | level 5 of the Vaults)
 50439 | Vaults:5 | Reached skill level 5 in Spellcasting
 50620 | Vaults:5 | Found Owotokhlo's Magic Scroll Shoppe.
 50628 | Vaults:5 | Bought a scroll of enchant armour for 127 gold pieces
 50643 | Vaults:5 | Found Fyirchino's Food Shoppe.
 50652 | Vaults:5 | Got a silver rune of Zot
 50885 | Vaults:5 | Reached skill level 5 in Charms
 51227 | Vaults:5 | Found Rucheif's Food Shoppe.
 51678 | Temple   | Entered the Ecumenical Temple
 51693 | Temple   | Fell from the grace of Okawaru
 51693 | Temple   | Became a worshipper of Makhleb the Destroyer
 52013 | Depths:1 | Entered Level 1 of the Depths
 52222 | Depths:1 | Found a one-way gate leading to the halls of Pandemonium.
 52287 | Depths:1 | Paralysed by a floating eye for 4 turns
 52292 | Depths:1 | Reached * piety under Makhleb
 52349 | Depths:1 | Found a corrupted altar of Lugonu.
 52349 | Depths:1 | Found a one-way gate to the infinite horrors of the Abyss.
 52424 | Depths:1 | Found a gateway to Hell.
 52978 | Depths:2 | Noticed Saint Roka
 52992 | Depths:2 | Reached XP level 24. HP: 222/256 MP: 30/30
 52997 | Depths:2 | Killed Saint Roka
 53014 | Depths:2 | Reached ** piety under Makhleb
 53311 | Depths:2 | Reached *** piety under Makhleb
 53341 | Depths:2 | Reached skill level 1 in Translocations
 53588 | Depths:2 | You fall through a shaft!
 54176 | Depths:3 | Gained mutation: Armour fits poorly on your strangely
                  | shaped body. [a neqoxec]
 54205 | Depths:3 | Reached **** piety under Makhleb
 54276 | Depths:3 | Identified the cursed +1 leather armour of the Original Sin
                  | {+Inv rPois Regen+ Int+4} (You found it on level 3 of the
                  | Depths)
 54606 | Depths:3 | Reached ***** piety under Makhleb
 54763 | Depths:3 | Reached skill level 25 in Axes
 55875 | Depths:4 | Found a gateway to a ziggurat.
 56027 | Depths:4 | Reached XP level 25. HP: 267/267 MP: 31/31
 56111 | Depths:4 | Reached skill level 5 in Translocations
 56997 | Slime:1  | Entered Level 1 of the Pits of Slime
 57005 | Slime:1  | Lost mutation: Armour fits poorly on your strangely shaped
                  | body. [a shining eye]
 57012 | Slime:1  | Reached ****** piety under Makhleb
 57062 | Slime:1  | Reached skill level 5 in Stealth
 57124 | Slime:3  | Lost mutation: You are robust. (+10% HP) [a shining eye]
 57151 | Slime:3  | Gained mutation: You are clumsy. (Dex -2) [a shining eye]
 57232 | Slime:5  | Entered Level 5 of the Pits of Slime
 57273 | Slime:5  | Gained mutation: Your body sometimes deteriorates upon
                  | taking damage. [a shining eye]
 57608 | Slime:5  | Noticed the Royal Jelly
 57611 | Slime:5  | Found a viscous altar of Jiyva.
 57616 | Slime:5  | Killed the Royal Jelly
 57673 | Slime:5  | Got an iridescent hunting sling
 57674 | Slime:5  | Identified the +2 hunting sling of Calamity {flame, Fragile
                  | +Inv +Fly Int-3} (You found it on level 5 of the Pits of
                  | Slime)
 57731 | Slime:5  | Got a steaming steel ring
 57733 | Slime:5  | Got a slimy rune of Zot
 57734 | Slime:5  | Identified the ring "Pumoidgh" {rF+ Int+6} (You found it on
                  | level 5 of the Pits of Slime)
 57980 | Slime:5  | Lost mutation: Your flesh is heat resistant. (rF+) [potion
                  | of mutation]
 57980 | Slime:5  | Lost mutation: You are clumsy. (Dex -2) [potion of
                  | mutation]
 57980 | Slime:5  | Gained mutation: You are surrounded by a mild repulsion
                  | field. (EV +2) [potion of mutation]
 57980 | Slime:5  | Gained mutation: You tend to lose your temper in combat.
                  | [potion of mutation]
 57980 | Slime:5  | Gained mutation: You are very dopey. (Int -4) [potion of
                  | mutation]
 57980 | Slime:5  | Gained mutation: You are partially covered in molten
                  | scales. (AC +2) [potion of mutation]
 57981 | Slime:5  | Lost mutation: You are partially covered in molten scales.
                  | (AC +2) [potion of mutation]
 57981 | Slime:5  | Lost mutation: Your body sometimes deteriorates upon taking
                  | damage. [potion of mutation]
 57981 | Slime:5  | Lost mutation: You are very dopey. (Int -4) [potion of
                  | mutation]
 57981 | Slime:5  | Lost mutation: You tend to lose your temper in combat.
                  | [potion of mutation]
 57981 | Slime:5  | Gained mutation: You possess an exceptional clarity of
                  | mind. [potion of mutation]
 57981 | Slime:5  | Gained mutation: Your flesh is heat resistant. (rF+)
                  | [potion of mutation]
 58006 | Slime:5  | Learned a level 5 spell: Dispel Undead
 58473 | Crypt:1  | Entered Level 1 of the Crypt
 58822 | Crypt:1  | Learned a level 3 spell: Call Canine Familiar
 59077 | Crypt:2  | Reached skill level 1 in Summonings
 59118 | Crypt:2  | Identified the amulet "Werehu" {Harm *Drain rC- MR+ Int+3}
                  | (You found it on level 2 of the Crypt)
 59556 | Crypt:2  | Reached XP level 26. HP: 254/254 MP: 32/32
 59825 | Crypt:2  | Got a scorched hat
 59836 | Crypt:2  | Identified the +0 hat of the Game of Life {rC+} (You
                  | acquired it on level 2 of the Crypt)
 59961 | Crypt:2  | Learned a level 4 spell: Animate Dead
 59988 | Crypt:3  | Entered Level 3 of the Crypt
 60141 | Crypt:3  | Reached skill level 26 in Axes
 60562 | Crypt:3  | Identified the Guide on Evil
 60657 | Crypt:3  | Noticed Jory
 60682 | Crypt:3  | Killed Jory
 60811 | Crypt:3  | Got a flickering glass ring
 60811 | Crypt:3  | Got a pitted amber ring
 60813 | Crypt:3  | Identified the ring "Feihis" {*Corrode +Inv rElec rC+ rN+}
                  | (You found it on level 3 of the Crypt)
 60827 | Crypt:3  | Identified the ring of the Tarantula {rPois rN+} (You found
                  | it on level 3 of the Crypt)
 60832 | Crypt:3  | Got a slimy tin ring
 60833 | Crypt:3  | Identified the ring of Departure {*Contam rPois rN+ Str+2}
                  | (You found it on level 3 of the Crypt)
 61079 | Crypt:3  | Found a staircase to the Tomb.
 61096 | Crypt:3  | Was forgiven by Okawaru
 61284 | Crypt:3  | Found the +9 scales of the Dragon King {rPois rF+ rC+ MR+}
 61310 | Crypt:3  | Identified the Tome of Venomous Stolen Souls
 61707 | Hell     | Entered the Vestibule of Hell
 61707 | Hell     | Noticed Geryon
 61769 | Hell     | Killed Geryon
 61822 | Hell     | Found a gateway to the Iron City of Dis.
 61867 | Hell     | Found a gateway to the freezing wastes of Cocytus.
 61984 | Hell     | Found a gateway to the decaying netherworld of Tartarus.
 62048 | Hell     | Found a gateway to the ashen valley of Gehenna.
 62129 | Depths:1 | Voluntarily entered the Abyss.
 62417 | Abyss:1  | Reached skill level 5 in Summonings
 62513 | Abyss:2  | Found a corrupted altar of Lugonu.
 62769 | Abyss:3  | Found a corrupted altar of Lugonu.
 62916 | Abyss:3  | Gained mutation: [You occasionally shout uncontrollably at
                  | your foes.] [a shining eye]
 63054 | Abyss:3  | Found a corrupted altar of Lugonu.
 63303 | Abyss:5  | Entered Level 5 of the Abyss
 63303 | Abyss:5  | Entered Level 5 of the Abyss
 63303 | Abyss:5  | Found a corrupted altar of Lugonu.
 63497 | Abyss:5  | Reached XP level 27. HP: 245/264 MP: 30/32
 63716 | Abyss:5  | Got an abyssal rune of Zot
 63817 | Depths:1 | Escaped the Abyss
 63915 | Depths:5 | Entered Level 5 of the Depths
 64264 | Depths:5 | Found a gate to the Realm of Zot.
 64589 | Depths:5 | Reached skill level 27 in Axes
 65163 | Pan      | Entered Pandemonium
 65384 | Pan      | Found a runed translucent door.
 65526 | Pan      | Noticed Noomiloh the pandemonium lord
 65537 | Pan      | Killed Noomiloh the pandemonium lord
 65707 | Pan      | Found a transporter.
 65759 | Pan      | Found a transporter.
 66286 | Pan      | Killed from afar by a hellion

Skill      XL: |  1  2  3  4  5  6  7  8  9 10 11 12 13 14 15 16 17 18 19 20 21 22 23 24 25 26 27 |
---------------+----------------------------------------------------------------------------------+-----
Shields        | 4 5 6 7 8 9 10 11 12 13 15 17 18 19 20 21 22 23 24 | 24.5
Armour         | 4 5 6 7 8 9 10 11 12 13 14 15 16 18 | 18.0
Axes           | 3 4 5 6 7 9 11 12 14 15 16 18 19 20 21 22 23 24 25 26 27 | 27.0
Fighting       | 4 5 6 7 8 10 11 12 14 15 16 17 18 19 20 21 22 23 24 25 | 25.5
Dodging        | 1 2 3 4 5 6 7 8 9 10 11 12 13 | 13.0
Throwing       | 4 5 6 7 8 9 11 12 13 14 15 16 | 16.5
Invocations    | 1 3 4 5 6 |  6.3
Evocations     | 1 2 3 |  3.7
Stealth        | 2 3 4 5 |  5.4
Maces & Flails | 1 2 3 6 |  6.2
Spellcasting   | 1 3 5 6 |  6.9
Charms         | 1 3 5 6 |  6.2
Necromancy     | 1 4 6 7 |  7.1
Translocations | 4 6 |  6.1
Summonings     | 1 5 7 |  7.7

Action                   |  1- 3 |  4- 6 |  7- 9 | 10-12 | 13-15 | 16-18 | 19-21 | 22-24 | 25-27 || total
-------------------------+-------+-------+-------+-------+-------+-------+-------+-------+-------++-------
Melee: War axe           |    82 |   191 |   291 |   233 |       |       |       |       |       ||   797
       Headbutt          |     6 |    33 |    48 |    89 |   223 |   266 |   320 |   419 |   639 ||  2043
       Broad axe         |       |       |       |   139 |   745 |   950 |  1022 |  1022 |  1637 ||  5515
       Whip              |       |       |       |       |    14 |       |       |       |       ||    14
       Morningstar       |       |       |       |       |    18 |     2 |    66 |       |       ||    86
Throw: Tomahawk          |       |     7 |    37 |    21 |    68 |   272 |   121 |    54 |   128 ||   708
       Javelin           |       |       |       |     8 |   157 |   118 |    76 |     6 |    67 ||   432
 Cast: Regeneration      |       |       |       |       |       |       |       |    36 |    17 ||    53
       Apportation       |       |       |       |       |       |       |       |     1 |    19 ||    20
       Dispel Undead     |       |       |       |       |       |       |       |       |     4 ||     4
       Animate Dead      |       |       |       |       |       |       |       |       |     1 ||     1
Invok: Heroism           |       |     2 |     6 |     9 |    26 |    14 |    15 |    13 |       ||    85
       Finesse           |       |       |       |       |     2 |       |     4 |     5 |       ||    11
Evoke: Wand              |       |       |       |    12 |    12 |    10 |       |    12 |       ||    46
  Use: Scroll            |       |       |    12 |     6 |    10 |     6 |    13 |     9 |    23 ||    79
       Potion            |       |       |     6 |     8 |     3 |     2 |     1 |     4 |     7 ||    31
 Stab: Sleeping          |       |       |       |       |       |     2 |     1 |       |     1 ||     4
       Distracted        |       |       |       |       |       |       |     1 |     2 |     3 ||     6
       Confused          |       |       |       |       |       |       |     1 |       |     2 ||     3
       Paralysed         |       |       |       |       |       |       |       |       |     2 ||     2
  Eat: Chunk             |       |     9 |    12 |    11 |    35 |    22 |    29 |    34 |    13 ||   165
       Ration            |       |       |       |       |       |     5 |     3 |       |     7 ||    15
Armor: Scale mail        |    50 |    83 |    36 |       |    46 |   186 |   268 |   314 |   200 ||  1183
       Chain mail        |       |       |    76 |   184 |   298 |   156 |       |       |       ||   714
       Swamp dragon scal |       |       |       |       |       |     1 |       |       |       ||     1
       Plate armour      |       |       |       |       |       |       |    37 |       |       ||    37
       Gold dragon scale |       |       |       |       |       |       |       |       |   320 ||   320
Dodge: Dodged            |    32 |    64 |   102 |   175 |   417 |   514 |   578 |   691 |   766 ||  3339
Block: Shield            |    51 |   107 |   167 |   133 |       |    52 |   276 |       |   882 ||  1668
       Buckler           |       |       |       |    75 |   374 |   493 |   332 |   597 |   426 ||  2297
       Reflection        |       |       |       |       |    27 |    51 |    13 |    82 |    35 ||   208
